 Dungeon Crawl Stone Soup version 0.31-a0-182-gc5ef74bbde (webtiles) character file.

Game seed: 17218614521593959971

599 qw the Chopper (level 7, -11/44 HPs)
             Began as a Gargoyle Fighter on June 21, 2023.
             Was an Initiate of Okawaru.
             Mangled by a death yak (15 damage)
             ... on level 8 of the Dungeon.
             The game lasted 00:01:41 (3788 turns).

qw the Chopper (Gargoyle Fighter)                   Turns: 3788, Time: 00:01:42

Health: -11/44     AC: 17    Str: 21    XL:     7   Next: 41%
Magic:  5/7        EV: 10    Int: 14    God:    Okawaru [......]
Gold:   171        SH:  6    Dex: 12    Spells: 6/6 levels left

rFire   . . .        Y - +0 war axe
rCold   . . .        c - +0 buckler
rNeg    + + .        f - +0 chain mail
rPois   inf          (no helmet)
rElec   +            e - scarf of Lies {shadows, Contam rN+ Int+5 Dex+3}
rCorr   .            m - +0 pair of gloves
SInv    .            (no boots)
Will    .....        i - amulet of the acrobat Stlth
                     (no ring)
HPRegen 0.27/turn    (no ring)
MPRegen 0.10/turn

%: acrobat
@: about to teleport, heroic
A: sickness immunity, AC +4, negative energy resistance 1, electricity
resistance, torment resistance 1, petrification resistance
a: Renounce Religion


You were on level 8 of the Dungeon.
You worshipped Okawaru.
Okawaru was noncommittal.
You visited 2 branches of the dungeon, and saw 7 of its levels.

You collected 171 gold pieces.


Innate Abilities, Weirdness & Mutations

You are immune to sickness and miasma.
Your stone body is resilient. (AC +4)
You are immune to poison.
You resist negative energy. (rN+)
You are resistant to electric shocks. (rElec)
You are resistant to unholy torment.
You are immune to petrification.


   Skills:
 - Level 4.3(9.3) Fighting
 + Level 6.6(11.6) Axes
 - Level 3.2(8.2) Armour
 - Level 1.3(6.3) Dodging
 - Level 3.2(8.2) Shields


You had 6 spell levels left.
You didn't know any spells.
Your spell library was empty.

Inventory:

Hand Weapons
 g - a +0 flail
 Y - a +0 war axe (weapon)
Armour
 c - a +0 buckler (worn)
 e - the scarf of Lies (worn) {shadows, Contam rN+ Int+5 Dex+3}
   (You acquired it on level 2 of the Dungeon)

   Int:       It affects your intelligence (+5).
   Dex:       It affects your dexterity (+3).
   rN:        It protects you from negative energy.
   Contam:    It causes magical contamination when unequipped.
 f - a +0 chain mail (worn)
 m - a +0 pair of gloves (worn)
Jewellery
 b - a ring of ice
 i - an amulet of the acrobat (around neck)
Wands
 k - a wand of digging (5)
Scrolls
 a - 8 scrolls of identify
 l - a scroll of teleportation
Potions
 d - 2 potions of might
 h - a potion of curing
 j - a potion of cancellation

Dungeon Overview and Level Annotations

Branches:
Dungeon (5/15)             Temple (1/1) D:4

Altars:
Cheibriados
Dithmenos
Elyvilon
Fedhas
Hepliaklqana
Kikubaaqudgha
Makhleb
Okawaru
Qazlal
Ru
Sif Muna
Trog
Uskayaw
Vehumet
Xom
Yredelemnul
Zin
The Shining One

Shops:
D:4 :(

Annotations:
D:4 2 transporters, qw's ghost, amateur NaHu


Message History

The death yak bellows!
The bullfrog hits you but does no damage.
You barely miss the death yak. You hit the rat.
You kill the rat!
Okawaru accepts your kill.
You hit the bullfrog. The bullfrog closely misses you.
A death yak comes into view.
The death yak gores you!
You barely miss the bullfrog.
The bullfrog is lightly wounded.
The death yak bellows!
You hit the death yak. You slash the quokka!
You kill the quokka!
Okawaru accepts your kill. The bullfrog barely misses you.
The death yak gores you.
The bullfrog hits you but does no damage.
You slash the death yak!
The death yak is lightly wounded.
You barely miss the bullfrog. The bullfrog closely misses you.
The death yak gores you.
You slash the death yak!
The death yak is moderately wounded.
You hit the bullfrog but do no damage. You hit the river rat but do no damage.
The bullfrog hits you but does no damage.
You block the river rat's attack.
The death yak snorts and paws the ground.
The death yak gores you!
3787 ||| READING 2 scrolls of teleportation.
As you read the scroll of teleportation, it crumbles to dust.
You feel strangely unstable.
The bullfrog hits you but does no damage.
The bullfrog completely misses you. The river rat bites you.
The death yak gores you.
You slice the death yak!!
The death yak is heavily wounded.
You hit the river rat but do no damage. You barely miss the bullfrog.
The bullfrog barely misses you. The river rat bites you.
The death yak gores you!
You die...

... ... ...
#######.#
#.....#.#
#.###.#.# ...
#.##....##....
#.##...Y.....$
#.##..@r......
#.#####FY....)
#.# ##Y..#..
#.# r..# . #.#
....? ###.###
...#. #...>.#
.. #..#..#
#.###.#


You could see 3 death yaks, a bullfrog, a river rat and a rat.

Vanquished Creatures
  Edmund (D:4)
  A water moccasin (D:8)
  2 phantoms (D:4)
  A kobold brigand (D:3)
  A hound (D:4)
  4 adders
  A shadow imp (D:5)
  A dart slug (D:3)
  An orc (D:3)
  11 endoplasms
  2 giant cockroaches
  7 goblins
  10 hobgoblins
  4 jackals
  12 kobolds
  6 quokkas
  8 ball pythons
  5 bats
  3 frilled lizards
  5 rats
86 creatures vanquished.

Notes
Turn   | Place    | Note
-------+----------+-------------------------------------------
     0 | D:1      | qw the Gargoyle Fighter began the quest for the Orb.
     0 | D:1      | Reached XP level 1. HP: 14/14 MP: 1/1
     0 | D:1      | 0 ||| qw: Version: 0.3-a-9-g12657ce
     0 | D:1      | 0 ||| qw: Game counter: 1550
     0 | D:1      | 0 ||| qw: Always use a shield: true
     0 | D:1      | 0 ||| qw: God list: Okawaru
     0 | D:1      | 0 ||| qw: Allow faded altars: false
     0 | D:1      | 0 ||| qw: Do Orc after D:15 true
     0 | D:1      | 0 ||| qw: Do second Lair branch before Depths: true
     0 | D:1      | 0 ||| qw: Lair rune preference: random
     0 | D:1      | 0 ||| qw: Plans: Normal, Zot:1-4, Slime:5, God:TSO, Crypt,
                  | Tomb, Abyss, Pan, Hells, Win
     0 | D:1      | 0 ||| PLANNING D:1-11
     7 | D:1      | 7 ||| Stepping ~*~*~tactically~*~*~ (stealth).
    14 | D:1      | Reached skill level 2 in Axes
    79 | D:1      | Reached XP level 2. HP: 19/19 MP: 2/2
   345 | D:1      | Reached skill level 3 in Axes
   387 | D:1      | Reached XP level 3. HP: 23/23 MP: 3/3
   423 | D:1      | 423 ||| Stepping ~*~*~tactically~*~*~ (stealth).
   513 | D:1      | 513 ||| UPGRADING to +0 chain mail.
   523 | D:1      | 523 ||| DROPPING +0 scale mail.
   524 | D:1      | 524 ||| READING 5 scrolls labelled MEPER CYCOL.
   525 | D:1      | 525 ||| READING scroll labelled ASATA ICAUVEPESKUH.
   529 | D:1      | 529 ||| READING 4 scrolls of identify.
   529 | D:1      | 529 ||| IDENTIFYING inky potion
   672 | D:2      | 672 ||| FLEEEEING.
   686 | D:2      | 686 ||| Stepping ~*~*~tactically~*~*~ (stealth).
   713 | D:2      | 713 ||| Stepping ~*~*~tactically~*~*~ (hiding).
   736 | D:2      | 736 ||| DROPPING +0 club.
  1127 | D:2      | Reached XP level 4. HP: 28/28 MP: 4/4
  1159 | D:2      | Reached skill level 4 in Axes
  1307 | D:2      | 1307 ||| READING scroll labelled FIR MEXUXAUXO.
  1307 | D:2      | Identified a scroll of acquirement
  1307 | D:2      | 1307 ||| ACQUIRING scarf of Lies {shadows, Contam rN+ Int+5
                  | Dex+3}
  1307 | D:2      | Acquired the scarf of Lies {shadows, Contam rN+ Int+5
                  | Dex+3}
  1309 | D:2      | 1309 ||| UPGRADING to scarf of Lies {shadows, Contam rN+
                  | Int+5 Dex+3}.
  1314 | D:2      | 1314 ||| READING 4 scrolls of identify.
  1314 | D:2      | 1314 ||| IDENTIFYING murky sapphire potion
  1315 | D:2      | 1315 ||| DROPPING potion of ambrosia.
  1501 | D:3      | 1501 ||| Stepping ~*~*~tactically~*~*~ (hiding).
  1704 | D:3      | Found a hazy altar of Hepliaklqana.
  1705 | D:3      | Noticed a kobold brigand
  1706 | D:3      | 1706 ||| Stepping ~*~*~tactically~*~*~ (hiding).
  1717 | D:3      | 1717 ||| DRINKING 2 potions of curing.
  1717 | D:3      | 1717 ||| (to cure confusion)
  1718 | D:3      | Killed a kobold brigand
  1719 | D:3      | Reached skill level 5 in Axes
  1719 | D:3      | Reached XP level 5. HP: 30/32 MP: 5/5
  1725 | D:3      | Found a faded altar of an unknown god.
  2133 | D:3      | 2133 ||| DROPPING +6 ring of intelligence.
  2134 | D:3      | 2134 ||| READING scroll labelled QEFAL QECA.
  2135 | D:3      | 2135 ||| READING 7 scrolls of identify.
  2135 | D:3      | 2135 ||| IDENTIFYING sedimented clear potion
  2289 | D:4      | Reached skill level 1 in Dodging
  2324 | D:4      | Found Kedeijaq's Antique Weapon Shop.
  2358 | D:4      | Noticed a phantom
  2370 | D:4      | Killed a phantom
  2371 | D:4      | Reached XP level 6. HP: 39/39 MP: 6/6
  2376 | D:4      | Found a staircase to the Ecumenical Temple.
  2378 | D:4      | 2378 ||| PLANNING TEMPLE
  2378 | D:4      | 2378 ||| UPGRADING to amulet of the acrobat.
  2383 | D:4      | 2383 ||| READING scroll labelled ODE CUIROLL.
  2397 | Temple   | Entered the Ecumenical Temple
  2426 | Temple   | 2426 ||| PLANNING OKAWARU WORSHIP
  2583 | Temple   | Became a worshipper of Warmaster Okawaru
  2584 | Temple   | 2584 ||| PLANNING D:1-11
  2632 | D:4      | Noticed Edmund
  2660 | D:4      | Killed Edmund
  2867 | D:4      | Found Haxt's Book Emporium.
  3293 | D:4      | Reached skill level 6 in Axes
  3293 | D:4      | Reached XP level 7. HP: 37/44 MP: 7/7
  3464 | D:4      | Found a transporter.
  3467 | D:4      | Noticed qw's ghost (amateur NaHu)
  3504 | D:4      | Found a transporter.
  3568 | D:4      | 3568 ||| UPGRADING to +0 pair of gloves.
  3623 | D:5      | Entered Level 5 of the Dungeon
  3638 | D:5      | You fall into a shaft and drop 3 floors!
  3657 | D:8      | Reached * piety under Okawaru
  3777 | D:8      | Noticed a death yak
  3778 | D:8      | 3778 ||| Stepping ~*~*~tactically~*~*~ (stealth).
  3779 | D:8      | 3779 ||| INVOKING Heroism.
  3781 | D:8      | Noticed a death yak
  3783 | D:8      | Noticed a death yak
  3786 | D:8      | HP: 11/44 [death yak (15)]
  3787 | D:8      | 3787 ||| READING 2 scrolls of teleportation.
  3787 | D:8      | HP: 4/44 [death yak (4)]
  3788 | D:8      | Mangled by a death yak

Levels and vault maps discovered:
D:1:      evilmike_arrival_come_back, layout_basic, corexii_corridor_pit
D:2:      layout_basic, kennysheep_small_spiral, minmay_vboxes
D:3:      layout_loops_ring, beargit_hepliaklqana_dungeon_heroes
D:4:      layout_basic, minmay_temple_entry_stoned_glass, serial_shops, shop,
          shop, gammafunk_ghost_stat_death, uniq_edmund
D:5:      layout_loops_ring, mainiacjoe_overflow_24_doors, serial_shops, shop,
          ebering_ghost_reflecting_pool, feat_on_display, uniq_blork_the_orc
D:8:      layout_loops_cross, dpeg_lair_monsters
Temple:   nicolae_temple_bog_church

Skill      XL: |  1  2  3  4  5  6 |
---------------+-------------------+-----
Axes           | 2 3 5 6 |  6.6
Dodging        | 1 |  1.3
Fighting       | 4 |  4.3
Armour         | |  3.2
Shields        | |  3.2

Action                     |  1- 3 |  4- 6 |  7- 9 || total
---------------------------+-------+-------+-------++-------
  Melee: War axe           |   108 |   147 |    33 ||   288
 Invoke: Heroism           |       |       |     1 ||     1
    Use: Scroll            |     3 |     5 |     1 ||     9
         Potion            |       |     1 |       ||     1
 Armour: Scale mail        |    21 |       |       ||    21
         Chain mail        |    29 |    74 |    24 ||   127
  Dodge: Dodged            |    32 |    54 |    12 ||    98
  Block: Buckler           |    14 |    27 |     4 ||    45

Table legend:
 A = Non-vault XP
 B = Vault XP
 C = Vault XP percentage of total XP
 D = Non-vault monster count
 E = Vault monster count
 F = Vault count percentage of total count
                 A         B        C        D         E       F
            +---------+---------+-------+---------+---------+-------
      Total |     581 |     276 |  32.2 |      74 |      12 |  14.0
            +---------+---------+-------+---------+---------+-------
        D:1 |      40 |       0 |   0.0 |      23 |       0 |   0.0
        D:2 |      56 |      11 |  16.4 |      19 |       8 |  29.6
        D:3 |      33 |     100 |  75.2 |      11 |       1 |   8.3
        D:4 |     294 |     162 |  35.5 |      19 |       1 |   5.0
        D:5 |      11 |       0 |   0.0 |       1 |       0 |   0.0
        D:8 |     147 |       3 |   2.0 |       1 |       2 |  66.7
            +---------+---------+-------+---------+---------+-------
